NYP
ABERDEEN IRONBIRDS @ HUDSON VALLEY RENEGADES
08/16/2048
 
TOP OF THE 1ST
Aberdeen Ironbirds batting - Pitching for Hudson Valley Renegades : RHP Adam Householder
Pitching: RHP Adam Householder
Batting: LHB Vinny Rivera 0-0: Fly out, F8 (Flyball, 8LD, EV 108.8 MPH)
Batting: LHB Pat Fontana 0-0: Ball
1-0: Ball
2-0: Swinging Strike
2-1: Ball
3-1: Called Strike
3-2: SOLO HOME RUN (Flyball, 8LXD, EV 116.2 MPH), Distance : 448 ft
Batting: SHB Carlos Carrillo 0-0: Called Strike
0-1: Ball
1-1: DOUBLE (Groundball, 3L, EV 102.5 MPH)
Batting: RHB Jonathan Mendoza 0-0: Called Strike
0-1: Ball
1-1: Ball
2-1: SINGLE (Line Drive, 7LS, EV 92.5 MPH)
Carlos Carrillo to third
Batting: LHB Sam Williams 0-0: Ball
Jonathan Mendoza is caught stealing 2nd base 2-6
1-0: Ball
2-0: Ground out 4-3 (Groundball, 4, EV 82.5 MPH)
Top of the 1st over - 1 run, 3 hits, 0 errors, 1 left on base; Aberdeen 1 - Hudson Valley 0
BOTTOM OF THE 1ST
Hudson Valley Renegades batting - Pitching for Aberdeen Ironbirds : RHP Olaf Barker
Pitching: RHP Olaf Barker
Batting: LHB Dan Hunt 0-0: Ground out 5-3 (Groundball, 56, EV 86.9 MPH)
Batting: SHB Josif Popovski 0-0: Ball
1-0: Ball
2-0: Ball
3-0: Called Strike
3-1: Base on Balls
Batting: LHB Jonathan Spino 0-0: Ball
1-0: Foul Ball, location: 2F
1-1: Called Strike
1-2: Ball
2-2: SINGLE (Flyball, 89S, EV 91.2 MPH)
Josif Popovski to second
Josif Popovski to third
Batting: LHB Rocky Crowley 0-0: Ball
1-0: Ball
2-0: Called Strike
2-1: Ball
3-1: 3-RUN HOME RUN (Flyball, 9D, EV 100.6 MPH), Distance : 372 ft
Batting: RHB Jon Gonzales 0-0: Called Strike
0-1: Ball
1-1: Foul Ball, location: 2F
1-2: Strikes out swinging
Batting: SHB Joshua Jackson 0-0: Ball
1-0: Reached via error on a dropped throw from 2B, E3 (Groundball, 4, EV 84.4 MPH)
Batting: RHB Alex Koral 0-0: Ball
1-0: Ball
2-0: Ball
3-0: Called Strike
3-1: Called Strike
3-2: SINGLE (Groundball, 6MD, EV 96.9 MPH)
Joshua Jackson to second
Joshua Jackson to third
Batting: LHB Helmut Steggall 0-0: Ball
1-0: Foul Ball, location: 2F
1-1: Ball
2-1: Swinging Strike
2-2: Ball
3-2: Base on Balls
Alex Koral to second
Batting: RHB Evan Chalarian 0-0: Ball
1-0: Fly out, F9 (Line Drive, 9LM, EV 105.0 MPH)
Bottom of the 1st over - 3 runs, 3 hits, 1 error, 3 left on base; Aberdeen 1 - Hudson Valley 3
TOP OF THE 2ND
Aberdeen Ironbirds batting - Pitching for Hudson Valley Renegades : RHP Adam Householder
Batting: RHB Kevin Popowicz 0-0: Ball
1-0: Foul Ball, location: 2F
1-1: Called Strike
1-2: Ball
2-2: Fly out, F8 (Flyball, 8LD, EV 96.9 MPH)
Batting: SHB Chris Wright 0-0: Ball
1-0: Fly out, F8 (Flyball, 8RM, EV 83.8 MPH)
Batting: RHB Alfredo Reguera 0-0: Ball
1-0: Called Strike
1-1: Foul Ball, location: 2F
1-2: Fly out, F8 (Flyball, 8LD, EV 93.8 MPH)
Top of the 2nd over - 0 runs, 0 hits, 0 errors, 0 left on base; Aberdeen 1 - Hudson Valley 3
BOTTOM OF THE 2ND
Hudson Valley Renegades batting - Pitching for Aberdeen Ironbirds : RHP Olaf Barker
Batting: LHB Dan Hunt 0-0: Ball
1-0: Called Strike
1-1: Ball
2-1: Foul Ball, location: 2F
2-2: Ball
3-2: Foul Ball, location: 2F
3-2: Base on Balls
Batting: SHB Josif Popovski 0-0: Ball
1-0: Ball
Dan Hunt steals 2nd base (no throw)
2-0: Called Strike
2-1: Foul Ball, location: 2F
2-2: Ground out 4-3 (Groundball, 4, EV 94.4 MPH)
Dan Hunt to third
Batting: LHB Jonathan Spino 0-0: Called Strike
0-1: Ball
1-1: Foul Ball, location: 2F
1-2: Ball
2-2: Strikes out swinging
Batting: LHB Rocky Crowley 0-0: Ball
Wild Pitch!
Dan Hunt scores
1-0: Swinging Strike
1-1: Called Strike
1-2: Ball
2-2: Foul Ball, location: 2F
2-2: Ball
3-2: Foul Ball, location: 2F
3-2: Ground out 2-3 (Groundball, 13S, EV 66.2 MPH)
Bottom of the 2nd over - 1 run, 0 hits, 0 errors, 0 left on base; Aberdeen 1 - Hudson Valley 4
TOP OF THE 3RD
Aberdeen Ironbirds batting - Pitching for Hudson Valley Renegades : RHP Adam Householder
Batting: RHB Fernando Bravo 0-0: Ball
1-0: Ball
2-0: Called Strike
2-1: Foul Ball, location: 2F
2-2: Ground out 4-3 (Groundball, 4, EV 90.0 MPH)
Batting: LHB Vinny Rivera 0-0: Called Strike
0-1: Foul Ball, location: 2F
0-2: Ball
1-2: Strikes out swinging
Batting: LHB Pat Fontana 0-0: Fly out, F9 (Flyball, 89S, EV 88.1 MPH)
Top of the 3rd over - 0 runs, 0 hits, 0 errors, 0 left on base; Aberdeen 1 - Hudson Valley 4
BOTTOM OF THE 3RD
Hudson Valley Renegades batting - Pitching for Aberdeen Ironbirds : RHP Olaf Barker
Batting: RHB Jon Gonzales 0-0: Ball
1-0: Called Strike
1-1: Ball
2-1: Foul Ball, location: 2F
2-2: Foul Ball, location: 2F
2-2: Hit by Pitch
Batting: SHB Joshua Jackson 0-0: Ball
1-0: Foul Ball, location: 2F
1-1: Ball
2-1: Called Strike
2-2: Ball
3-2: Foul Ball, location: 2F
3-2: Base on Balls
Jon Gonzales to second
Batting: RHB Alex Koral 0-0: Fly out, F1 (Popup, P, EV 78.8 MPH)
Batting: LHB Helmut Steggall 0-0: Ball
1-0: Swinging Strike
1-1: Swinging Strike
1-2: Strikes out swinging
Batting: RHB Evan Chalarian 0-0: Called Strike
0-1: Called Strike
0-2: Ball
1-2: Ball
2-2: Ball
3-2: Foul Ball, location: 2F
3-2: Strikes out swinging
Bottom of the 3rd over - 0 runs, 0 hits, 0 errors, 2 left on base; Aberdeen 1 - Hudson Valley 4
TOP OF THE 4TH
Aberdeen Ironbirds batting - Pitching for Hudson Valley Renegades : RHP Adam Householder
Batting: SHB Carlos Carrillo 0-0: Ball
1-0: Foul Ball, location: 2F
1-1: Ball
2-1: Foul Ball, location: 2F
2-2: Ball
3-2: Foul Ball, location: 2F
3-2: Base on Balls
Batting: RHB Jonathan Mendoza 0-0: Ball
1-0: Called Strike
1-1: Swinging Strike
1-2: Ball
2-2: Foul Ball, location: 2F
2-2: Strikes out swinging
Batting: LHB Sam Williams 0-0: Fielders Choice at 2nd, 4-6 (Groundball, 4, EV 83.8 MPH)
Batting: RHB Kevin Popowicz 0-0: Ball
1-0: Ball
2-0: Called Strike
2-1: Ball
Balk!
Sam Williams to second
3-1: Base on Balls
Batting: SHB Chris Wright 0-0: Called Strike
0-1: SINGLE (Flyball, 8RS, EV 88.8 MPH)
Sam Williams to third
Kevin Popowicz to second
Throwing error, E8
Sam Williams scores
Kevin Popowicz to third
Chris Wright to second
Batting: RHB Alfredo Reguera 0-0: Foul Ball, location: 2F
0-1: Ball
1-1: Ball
2-1: Ball
3-1: Ground out 1-3 (Groundball, 13, EV 71.2 MPH)
Top of the 4th over - 1 run, 1 hit, 1 error, 2 left on base; Aberdeen 2 - Hudson Valley 4
BOTTOM OF THE 4TH
Hudson Valley Renegades batting - Pitching for Aberdeen Ironbirds : RHP Olaf Barker
Batting: LHB Dan Hunt 0-0: Ball
1-0: Ball
2-0: Ball
3-0: Called Strike
3-1: Base on Balls
Batting: SHB Josif Popovski 0-0: Ball
Dan Hunt is caught stealing 2nd base 2-6
1-0: Ground out 6-3 (Groundball, 6, EV 90.6 MPH)
Batting: LHB Jonathan Spino 0-0: Called Strike
0-1: Called Strike
0-2: Foul Ball, location: 2F
0-2: Foul Ball, location: 2F
0-2: Fly out, F8 (Flyball, 8RM, EV 88.8 MPH)
Bottom of the 4th over - 0 runs, 0 hits, 0 errors, 0 left on base; Aberdeen 2 - Hudson Valley 4
TOP OF THE 5TH
Aberdeen Ironbirds batting - Pitching for Hudson Valley Renegades : RHP Adam Householder
Batting: RHB Fernando Bravo 0-0: Called Strike
0-1: Ball
1-1: Ball
2-1: Ground out 6-3 (Groundball, 56D, EV 84.4 MPH)
Batting: LHB Vinny Rivera 0-0: Ball
1-0: DOUBLE (Groundball, 5L, EV 97.5 MPH)
Batting: LHB Pat Fontana 0-0: Ball
1-0: Called Strike
1-1: Ball
2-1: Fly out, F7 (Flyball, 7D, EV 98.8 MPH)
Runner from 2nd tags up, SAFE at 3rd with throw by LF
Batting: SHB Carlos Carrillo 0-0: Ball
1-0: Ball
Passed Ball!
Vinny Rivera scores
2-0: Called Strike
2-1: Ball
3-1: Called Strike
3-2: Base on Balls
Batting: RHB Jonathan Mendoza 0-0: Called Strike
0-1: Ball
1-1: Ball
2-1: Foul Ball, location: 2F
2-2: Foul Ball, location: 2F
2-2: Ball
3-2: Foul Ball, location: 2F
3-2: Foul Ball, location: 2F
3-2: Ground out 6-3 (Groundball, 6, EV 80.0 MPH)
Top of the 5th over - 1 run, 1 hit, 0 errors, 1 left on base; Aberdeen 3 - Hudson Valley 4
BOTTOM OF THE 5TH
Hudson Valley Renegades batting - Pitching for Aberdeen Ironbirds : RHP Olaf Barker
Pitching: RHP Jason Turley
Batting: LHB Rocky Crowley 0-0: Called Strike
0-1: Ground out 4-3 (Groundball, 4, EV 93.1 MPH)
Batting: RHB Jon Gonzales 0-0: Ball
1-0: Called Strike
1-1: Ground out 4-3 (Groundball, 4M, EV 103.8 MPH)
Batting: SHB Joshua Jackson 0-0: Ball
1-0: Fly out, F9 (Flyball, 9LM, EV 83.1 MPH)
Bottom of the 5th over - 0 runs, 0 hits, 0 errors, 0 left on base; Aberdeen 3 - Hudson Valley 4
TOP OF THE 6TH
Aberdeen Ironbirds batting - Pitching for Hudson Valley Renegades : RHP Adam Householder
Batting: LHB Sam Williams 0-0: SINGLE (Flyball, 6D, EV 96.2 MPH)
Batting: RHB Kevin Popowicz 0-0: Ball
1-0: Ball
2-0: Ball
3-0: Called Strike
Pickoff Throw to First - Out! 1-3 CS
3-1: Fly out, F8 (Flyball, 89D, EV 76.2 MPH)
Batting: SHB Chris Wright 0-0: Ball
1-0: Ball
2-0: Foul Ball, location: 2F
2-1: Ball
3-1: Called Strike
3-2: Foul Ball, location: 2F
3-2: Foul Ball, location: 2F
3-2: Base on Balls
Pitching: RHP David Hearn
Batting: RHB Alfredo Reguera 0-0: Swinging Strike
0-1: Ball
1-1: Foul Ball, location: 2F
1-2: Ball
2-2: Ball
3-2: SINGLE (Groundball, 56D, EV 95.0 MPH)
Chris Wright to second
Chris Wright to third
Batting: RHB Fernando Bravo 0-0: Swinging Strike
0-1: Called Strike
0-2: Ball
1-2: Reached on error, E1 (Groundball, 13, EV 63.8 MPH)
Chris Wright scores
Alfredo Reguera to third
Batting: LHB Vinny Rivera 0-0: Called Strike
0-1: Ball
1-1: Ball
2-1: Foul Ball, location: 2F
2-2: Ball
Wild Pitch!
Alfredo Reguera scores
Fernando Bravo to third
3-2: Foul Ball, location: 2F
3-2: Base on Balls
Batting: LHB Pat Fontana 0-0: Called Strike
0-1: Ball
Vinny Rivera steals 2nd base
1-1: Ball
2-1: Ground out U3 (Groundball, 3L, EV 83.8 MPH)
Top of the 6th over - 2 runs, 2 hits, 1 error, 2 left on base; Aberdeen 5 - Hudson Valley 4
BOTTOM OF THE 6TH
Hudson Valley Renegades batting - Pitching for Aberdeen Ironbirds : RHP Jason Turley
Batting: RHB Alex Koral 0-0: Ball
1-0: Called Strike
1-1: Called Strike
1-2: Ball
2-2: Ball
3-2: Fly out, F8 (Line Drive, 8RM, EV 109.4 MPH)
Batting: LHB Helmut Steggall 0-0: Called Strike
0-1: Ball
1-1: Called Strike
1-2: Ball
2-2: Strikes out looking
Batting: RHB Evan Chalarian 0-0: Ball
1-0: Foul Ball, location: 2F
1-1: Ground out U3 (Groundball, 34S, EV 81.9 MPH)
Bottom of the 6th over - 0 runs, 0 hits, 0 errors, 0 left on base; Aberdeen 5 - Hudson Valley 4
TOP OF THE 7TH
Aberdeen Ironbirds batting - Pitching for Hudson Valley Renegades : RHP David Hearn
Batting: SHB Carlos Carrillo 0-0: Ball
1-0: Ground out 4-3 (Groundball, 4S, EV 86.2 MPH)
Batting: RHB Jonathan Mendoza 0-0: Swinging Strike
0-1: Ball
1-1: Foul Ball, location: 2F
1-2: Strikes out looking
Batting: LHB Sam Williams 0-0: Swinging Strike
0-1: Swinging Strike
0-2: Ball
1-2: Fly out, F8 (Flyball, 8LM, EV 92.5 MPH)
Top of the 7th over - 0 runs, 0 hits, 0 errors, 0 left on base; Aberdeen 5 - Hudson Valley 4
BOTTOM OF THE 7TH
Hudson Valley Renegades batting - Pitching for Aberdeen Ironbirds : RHP Jason Turley
Now at 1B: Carlos Teniente
Batting: LHB Dan Hunt 0-0: Ball
1-0: Called Strike
1-1: Ground out 4-3 (Groundball, 34, EV 80.0 MPH)
Batting: SHB Josif Popovski 0-0: Swinging Strike
0-1: Ball
1-1: Foul Ball, location: 2F
1-2: Ground out 6-3 (Groundball, 6, EV 98.8 MPH)
Batting: LHB Jonathan Spino 0-0: Called Strike
0-1: Ball
1-1: Ground out U3 (Groundball, 3, EV 81.2 MPH)
Bottom of the 7th over - 0 runs, 0 hits, 0 errors, 0 left on base; Aberdeen 5 - Hudson Valley 4
TOP OF THE 8TH
Aberdeen Ironbirds batting - Pitching for Hudson Valley Renegades : RHP David Hearn
Batting: RHB Kevin Popowicz 0-0: Ball
1-0: SINGLE (Flyball, 89S, EV 88.8 MPH)
Batting: SHB Chris Wright 0-0: Called Strike
Kevin Popowicz steals 2nd base
0-1: Called Strike
Kevin Popowicz steals 3rd base
0-2: Ground out 4-3 (Groundball, 4M, EV 88.8 MPH)
Batting: RHB Alfredo Reguera 0-0: Intentional Walk
Pitching: RHP Joe Green
Batting: RHB Fernando Bravo 0-0: Called Strike
Alfredo Reguera steals 2nd base
0-1: Ground out 1-3 (Groundball, 25, EV 69.4 MPH)
Batting: LHB Vinny Rivera 0-0: TRIPLE (Flyball, 89XD, EV 108.1 MPH)
Kevin Popowicz scores
Alfredo Reguera scores
Batting: LHB Pat Fontana 0-0: Called Strike
0-1: Fly out, F6 (Line Drive, 6, EV 70.6 MPH)
Top of the 8th over - 2 runs, 2 hits, 0 errors, 1 left on base; Aberdeen 7 - Hudson Valley 4
BOTTOM OF THE 8TH
Hudson Valley Renegades batting - Pitching for Aberdeen Ironbirds : RHP Jason Turley
Now at 3B: Matt Berrier
Batting: LHB Rocky Crowley 0-0: DOUBLE (Line Drive, 89XD, EV 107.5 MPH)
Batting: RHB Jon Gonzales 0-0: Called Strike
0-1: Ball
1-1: Ground out 6-3 (Groundball, 6, EV 87.5 MPH)
Batting: SHB Joshua Jackson 0-0: Ball
1-0: Ball
2-0: Fly out, F8 (Line Drive, 8RD, EV 85.6 MPH)
Batting: RHB Alex Koral 0-0: Ball
1-0: Ground out 4-3 (Groundball, 4, EV 88.8 MPH)
Bottom of the 8th over - 0 runs, 1 hit, 0 errors, 1 left on base; Aberdeen 7 - Hudson Valley 4
TOP OF THE 9TH
Aberdeen Ironbirds batting - Pitching for Hudson Valley Renegades : RHP Joe Green
Batting: SHB Carlos Carrillo 0-0: Ball
1-0: Ball
2-0: Called Strike
2-1: Foul Ball, location: 2F
2-2: Foul Ball, location: 2F
2-2: SINGLE (Line Drive, 8LS, EV 96.9 MPH)
Batting: RHB Jonathan Mendoza 0-0: Foul Ball, location: 2F
0-1: Foul Ball, location: 2F
0-2: Ball
Wild Pitch!
Carlos Carrillo to second
1-2: Ball
2-2: Strikes out swinging
Batting: RHB Carlos Teniente 0-0: Ball
1-0: Swinging Strike
1-1: Ball
2-1: Called Strike
2-2: Strikes out looking
Batting: RHB Kevin Popowicz 0-0: Called Strike
0-1: Called Strike
0-2: Ball
1-2: Ball
2-2: Fly out, F8 (Flyball, 8RD, EV 102.5 MPH)
Top of the 9th over - 0 runs, 1 hit, 0 errors, 1 left on base; Aberdeen 7 - Hudson Valley 4
BOTTOM OF THE 9TH
Hudson Valley Renegades batting - Pitching for Aberdeen Ironbirds : RHP Jason Turley
Pitching: LHP Ronnie Pickering
Batting: LHB Helmut Steggall 0-0: Ball
1-0: Called Strike
1-1: Foul Ball, location: 2F
1-2: Foul Ball, location: 2F
1-2: Ball
2-2: Strikes out swinging
Batting: RHB Evan Chalarian 0-0: Ball
1-0: SINGLE (Groundball, 5S, EV 61.2 MPH) (infield hit)
Pinch Hitting: RHB Joe Hartigan 0-0: Called Strike
0-1: Called Strike
0-2: Foul Ball, location: 2F
0-2: Ball
1-2: Ball
2-2: Foul Ball, location: 2F
2-2: Fielders Choice at 2nd, 4-6 (Groundball, 34, EV 87.5 MPH)
Batting: SHB Josif Popovski 0-0: Called Strike
0-1: Fly out, F9 (Flyball, 9, EV 88.8 MPH)
Bottom of the 9th over - 0 runs, 1 hit, 0 errors, 1 left on base; Aberdeen 7 - Hudson Valley 4
Tuesday, March 28th , 2023 - OOTP Baseball 23.10 Build 110